 Dungeon Crawl Stone Soup version 0.20-a0-795-ga03948b (webtiles) character file.

48 Goblin1989 the Cudgeler (level 3, 0/29 HPs)
             Began as a Barachian Fighter on Mar 1, 2017.
             Slain by Mezriss's ghost (4 damage)
             ... on level 3 of the Dungeon.
             The game lasted 00:03:27 (1411 turns).

Goblin1989 the Cudgeler (Barachian Fighter)         Turns: 1411, Time: 00:03:28

Health: 0/29       AC:  6    Str: 18    XL:     3   Next: 72%
Magic:  3/3        EV:  7    Int:  8    God:
Gold:   95         SH:  9    Dex: 11    Spells: 2/2 levels left

rFire    . . .     SeeInvis .   a - +0 flail
rCold    . . .     Gourm    .   b - +0 scale mail
rNeg     . . .     Faith    .   c - +0 shield
rPois    .         Spirit   .   (no helmet)
rElec    .         Reflect  .   (no cloak)
rCorr    .         Harm     .   (no gloves)
MR       .....                  (no boots)
Stlth    ..........             (no amulet)
Regen    0.1/turn               (no ring)
MPRegen  0.1/turn               (no ring)

@: slow
A: +LOS, swims, slowness 1, strong legs 1
a: Hop


You were on level 3 of the Dungeon.
You were not hungry.

You visited 1 branch of the dungeon, and saw 3 of its levels.

You collected 95 gold pieces.

Inventory:

Hand Weapons
 a - a +0 flail (weapon)
 s - a +1 whip of freezing
Armour
 b - a +0 scale mail (worn)
 c - a +0 shield (worn)
Scrolls
 f - a scroll of remove curse {unknown}
 h - 2 scrolls of identify {unknown}
 i - a scroll of magic mapping {unknown}
 k - 2 scrolls of teleportation {unknown}
 m - a scroll of recharging {unknown}
 o - a scroll of fog {unknown}
 r - a scroll of amnesia {unknown}
Potions
 d - a potion of might
 l - 3 potions of curing {unknown}
 n - a potion of haste {unknown}
 q - a potion of berserk rage {unknown}
Comestibles
 e - 2 bread rations {@e1}
 g - a meat ration {@e2}
 j - 4 fruits


   Skills:
 - Level 3.6 Fighting
 + Level 4.3 Maces & Flails
 - Level 3.6 Armour
 - Level 3.2 Shields


You had 2 spell levels left.
You didn't know any spells.

Dungeon Overview and Level Annotations

Branches:
Dungeon (3/15)

Altars:

Annotations:
D:3 Mezriss's ghost, weakling FeEn


Innate Abilities, Weirdness & Mutations

Shadows flee at your approach. (+LOS)
You can swim through water.
You cover ground slowly.
You can hop short distances.


Message History

This raw flesh tastes terrible.
Done exploring.
Health restored: 29 Done exploring.
(D) Dungeon
Where to? (? - help)
There is a stone staircase leading down here.
You climb downwards.
There is a stone staircase leading up here.
A kobold comes into view.
The kobold shouts!
The kobold throws a stone.
The stone barely misses you.
You see here a stone.
The kobold throws a stone.
The stone hits you but does no damage.
You see here a stone.
The kobold throws a stone.
You block the stone.
You see here a stone.
The kobold hits you.
You take 3 damage, and have 26/29 hp.
You closely miss the kobold. You block the kobold's attack.
The kobold hits you but does no damage.
You hit the kobold.
You kill the kobold!
No target in view!
No target in view!
No target in view!
No target in view!
No target in view!
No target in view!
No target in view!
No target in view!
No target in view!
No target in view!
No target in view!
No target in view!
No target in view!
No target in view!
No target in view!
No target in view!
No target in view!
No target in view!
No target in view!
No target in view!
Mezriss's ghost (weakling Felid Enchanter) comes into view.
You see here a kobold corpse.
You closely miss Mezriss's ghost. Mezriss's ghost casts a spell at you.
You are confused.
You are too confused!
You are too confused!
You are too confused!
You are too confused!
You are too confused!
You are too confused!
You are too confused!
You are too confused!
You are too confused!
You are too confused!
You are too confused!
You are too confused!
You are too confused!
You are too confused!
You are too confused!
You are too confused!
You are too confused!
You are too confused!
You are too confused!
You bump into the rock wall.
Mezriss's ghost hits you.
You take 2 damage, and have 24/29 hp.
You're too confused to move!
Mezriss's ghost hits you but does no damage.
You bump into the rock wall.
Mezriss's ghost hits you.
You take 6 damage, and have 18/29 hp.
O_OOPS!!
MASSIVE DAMAGE!!
Mezriss's ghost hits you but does no damage.
You bump into the rock wall.
Mezriss's ghost barely misses you.
You bump into the rock wall.
Mezriss's ghost hits you.
You take 1 damage, and have 17/29 hp.
You completely miss Mezriss's ghost.
You feel less confused. Mezriss's ghost hits you.
* * * LOW HITPOINT WARNING * * *
You take 6 damage, and have 11/29 hp.
O_OOPS!!
MASSIVE DAMAGE!!
You closely miss Mezriss's ghost.
Mezriss's ghost hits you but does no damage.
Mezriss's ghost hits you.
* * * LOW HITPOINT WARNING * * *
You take 6 damage, and have 5/29 hp.
O_OOPS!!
MASSIVE DAMAGE!!
You barely miss Mezriss's ghost. Mezriss's ghost casts a spell at you.
You resist with significant effort.
You closely miss Mezriss's ghost. Mezriss's ghost hits you.
* * * LOW HITPOINT WARNING * * *
You take 1 damage, and have 4/29 hp.
You closely miss Mezriss's ghost. You block Mezriss's ghost's attack.
Mezriss's ghost completely misses you.
You closely miss Mezriss's ghost. Mezriss's ghost hits you.
* * * LOW HITPOINT WARNING * * *
You take 1 damage, and have 4/29 hp.
You closely miss Mezriss's ghost. Mezriss's ghost hits you.
You die... ███ █<█ ██████████

█.█
█@W.......
█.█
█†███████.
█.█ █.█
█.█ █.█
█.█ █(█
█.█████(█
█.....(.█


█████████ You could see Mezriss's ghost.

Vanquished Creatures
  An adder (D:2)
  4 dart slugs
  5 bats
  3 giant cockroaches
  6 goblins (D:1)
  A hobgoblin (D:2)
  A frilled lizard (D:1)
  3 kobolds
  7 rats
31 creatures vanquished.

Notes
Turn   | Place    | Note
-------+----------+-------------------------------------------
     0 | D:1      | Goblin1989 the Barachian Fighter began the quest for the Orb.
     0 | D:1      | Reached XP level 1. HP: 18/18 MP: 1/1
   225 | D:1      | Reached XP level 2. HP: 21/24 MP: 2/2
   237 | D:1      | Reached skill level 3 in Maces & Flails
   401 | D:1      | Reached XP level 3. HP: 29/29 MP: 3/3
   864 | D:2      | Reached skill level 4 in Maces & Flails
  1397 | D:3      | Noticed Mezriss's ghost (weakling FeEn)
  1411 | D:3      | Slain by Mezriss's ghost

Vault maps used:
D:1:      mrwooster_arrival_statue, minmay_misc_feat_rows, st_stairs_14
D:2:      minmay_wonky_spiral, first_bread
D:3:      makhleb_altar_promises_db

Skill      XL: |  1  2  3 |
---------------+----------+-----
Maces & Flails | 3 4 |  4.3
Fighting       | |  3.6
Armour         | |  3.6
Shields        | |  3.2

Action                   || total
-------------------------++-------
Melee: Flail             ||   113
  Eat: Chunk             ||     2
Armor: Scale mail        ||    41
Dodge: Dodged            ||    33
Block: Shield            ||    48

Vault maps used:
D:1:      mrwooster_arrival_statue, minmay_misc_feat_rows, st_stairs_14
D:2:      minmay_wonky_spiral, first_bread
D:3:      makhleb_altar_promises_db
